 Dungeon Crawl Stone Soup version 0.30-b1-2-g02819fbbbe (webtiles) character file.

Game seed: 8364726349048396552

1372 Borgoz the Ducker (level 8, -7/63 HPs)
             Began as a Human Gladiator on June 25, 2023.
             Was a Follower of Okawaru.
             Killed by divine providence
             ... invoked by an orc priest
              (12 damage)
             ... on level 5 of the Dungeon.
             The game lasted 00:09:27 (4821 turns).

Borgoz the Ducker (Human Gladiator)                 Turns: 4821, Time: 00:09:27

Health: -7/63      AC:  9    Str: 18    XL:     8   Next: 98%
Magic:  9/9        EV: 14    Int:  8    God:    Okawaru [*.....]
Gold:   250        SH:  0    Dex: 20    Spells: 7/7 levels left

rFire   + . .        a - +0 long sword (flame)
rCold   . . .        (no shield)
rNeg    . . .        i - +0 ring mail {rF+}
rPois   .            c - +0 helmet
rElec   .            n - +1 cloak
rCorr   .            (no gloves)
SInv    .            (no boots)
Will    .....        (no amulet)
Stlth   +            t - +6 ring of dexterity
HPRegen 0.30/turn    (no ring)
MPRegen 0.11/turn

%: no passive effects
@: no status effects
A: no striking features
a: Renounce Religion, Heroism


You were on level 5 of the Dungeon.
You worshipped Okawaru.
Okawaru was aware of your devotion.
You visited 2 branches of the dungeon, and saw 7 of its levels.

You collected 250 gold pieces.

Inventory:

Hand Weapons
 a - a +0 long sword of flaming (weapon)
Missiles
 e - a javelin (quivered)
Armour
 c - a +0 helmet (worn)
 f - a +2 leather armour of cold resistance
 i - a +0 ring mail of fire resistance (worn)
 n - a +1 cloak (worn)
Jewellery
 t - a +6 ring of dexterity (left hand)
Wands
 q - a wand of flame (2)
 s - a wand of mindburst (3)
 v - a wand of polymorph (11)
Scrolls
 b - 2 scrolls of blinking
 d - a scroll of enchant weapon {unknown}
 g - 3 scrolls of identify
 h - 2 scrolls of vulnerability {unknown}
 j - 3 scrolls of teleportation
 u - a scroll of silence {unknown}
 w - 2 scrolls of magic mapping
 x - a scroll of fog
 y - a scroll of noise {unknown}
Potions
 k - 2 potions of heal wounds
 l - 2 potions of curing
 o - 3 potions of attraction
 p - a potion of might
 r - 2 potions of brilliance


   Skills:
 * Level 5.6 Fighting
 * Level 5.9 Long Blades
 - Level 2.0 Throwing
 * Level 4.2 Armour
 * Level 5.9 Dodging
 + Level 2.2 Invocations


You had 7 spell levels left.
You didn't know any spells.
Your spell library contained the following spells:

 Spells                   Type           Power      Damage    Failure   Level
 Dazzling Flash           Conj/Hex       0%         N/A       91%         3
 Frozen Ramparts          Ice            0%         1d1       91%         3
 Volatile Blastmotes      Fire/Tloc      0%         2d10      91%         3
 Ice Form                 Ice/Tmut       0%         N/A       100%        4
 Iskenderun's Mystic Bla  Conj/Tloc      0%         2d3       100%        4
 Starburst                Conj/Fire      0%         6d3       100%        6
 Summon Ice Beast         Ice/Summ       Unusable   N/A       N/A         4

Dungeon Overview and Level Annotations

Branches:
Dungeon (6/15)             Temple (1/1) D:6

Altars:
Ashenzari
Cheibriados
Dithmenos
Elyvilon
Fedhas
Gozag
Hepliaklqana
Kikubaaqudgha
Makhleb
Nemelex Xobeh
Okawaru
Trog
Uskayaw
Vehumet
Wu Jian
Xom
Yredelemnul
The Shining One


Message History

The orc priest invokes the aid of Beogh against you.
Beogh smites you!
The orc priest invokes the aid of Beogh against you.
Beogh smites you!
The orc priest miscasts a cantrip.
You slash the orc! You burn the orc.
You kill the orc!
Okawaru accepts your kill.
The orc priest misses you. x2; The orc barely misses you.
The orc priest looks braver for a moment.
You slash the orc! You burn the orc.
You kill the orc!
Okawaru accepts your kill.
You hit the orc priest. You burn the orc priest.
The orc priest is moderately wounded.
The orc priest barely misses you.
The orc priest hits you with a +0 dagger.
The orc wizard hits you but does no damage.
The orc priest closely misses you. The orc hits you with a +0 flail.
You slash the orc priest! You burn the orc priest.
You kill the orc priest!
Okawaru accepts your kill.
The orc priest hits you from afar with a +0 trident.
* * * LOW HITPOINT WARNING * * *
The orc priest hits you with a +2 dagger of protection.
* * * LOW HITPOINT WARNING * * *
The orc wizard misses you.
The orc priest invokes the aid of Beogh against you.
You struggle to resist.
The orc wizard hits you but does no damage.
The orc priest hits you but does no damage.
The orc closely misses you.
You hit the orc priest but do no damage.
The orc priest barely misses you.
The orc wizard points at you and mumbles some strange words.
The puff of flame hits you. You resist.
* * * LOW HITPOINT WARNING * * *
The orc priest invokes the aid of Beogh against you.
Beogh smites you!
You die...

#............#....
#...#.................
.#.[..........#........#
. ...........###........#
#. ............#.##.##.##
#..##......##.....##....#
............####.........
#..<...)...#####........
#....o@...##..†........
#...)oo.#.......#..#...
#...o#..#....##.#...##.
.......#.......##.......
..................##.....
.....#............# .....
.....#...#........# ....
.... (...#..........
#...##........##..##


You could see 2 orc priests, an orc wizard and an orc.

Vanquished Creatures
  Sigmund (D:3)
  Duvessa (D:4)
  2 ice beasts (D:6)
  2 black bears
  An ogre (D:4)
  Dowan (D:4)
  2 hounds (D:5)
  Crazy Yiuf (D:4)
  An orc priest (D:5)
  An iron imp (D:4)
  Ijyb (D:3)
  3 iguanas
  Natasha (thrice) (D:2)
  A statue (D:4)
  Robin (D:2)
  5 gnolls
  7 adders
  2 shadow imps (D:4)
  4 worms (D:2)
  3 dart slugs
  7 orcs
  6 bats
  7 endoplasms
  A giant cockroach (D:1)
  12 goblins
  11 hobgoblins
  10 jackals
  10 kobolds
  3 quokkas
  7 ball pythons
  5 frilled lizards
  5 rats
127 creatures vanquished.

Vanquished Creatures (others)
  2 plants (D:1)
2 creatures vanquished.

Grand Total: 129 creatures vanquished

Notes
Turn   | Place    | Note
-------+----------+-------------------------------------------
     0 | D:1      | Borgoz the Human Gladiator began the quest for the Orb.
     0 | D:1      | Reached XP level 1. HP: 16/16 MP: 1/1
   244 | D:1      | Reached XP level 2. HP: 20/22 MP: 2/2
   448 | D:1      | Reached XP level 3. HP: 26/28 MP: 3/3
   916 | D:2      | Reached XP level 4. HP: 34/34 MP: 4/4
   921 | D:2      | Reached skill level 1 in Armour
  1317 | D:2      | Noticed Robin
  1342 | D:2      | Reached XP level 5. HP: 41/41 MP: 5/5
  1376 | D:2      | Killed Robin
  1488 | D:2      | Noticed Natasha
  1500 | D:2      | Killed Natasha
  1716 | D:2      | Found a faded altar of an unknown god.
  1802 | D:2      | Noticed Natasha
  1806 | D:2      | Killed Natasha
  1893 | D:2      | Noticed Natasha
  1902 | D:2      | Killed Natasha
  1903 | D:2      | Reached XP level 6. HP: 23/47 MP: 6/6
  2005 | D:3      | Noticed Sigmund
  2017 | D:3      | Killed Sigmund
  2018 | D:3      | Reached XP level 7. HP: 19/54 MP: 7/7
  2361 | D:3      | Noticed Ijyb
  2418 | D:3      | Killed Ijyb
  2593 | D:3      | You fall into a shaft and drop 3 floors!
  2605 | D:6      | Found a staircase to the Ecumenical Temple.
  2697 | Temple   | Entered the Ecumenical Temple
  2716 | Temple   | Became a worshipper of Warmaster Okawaru
  2943 | D:6      | Reached skill level 5 in Long Blades
  2943 | D:6      | Reached skill level 5 in Dodging
  3170 | D:6      | Reached XP level 8. HP: 61/61 MP: 8/8
  3176 | D:5      | Entered Level 5 of the Dungeon
  3219 | D:5      | Reached skill level 1 in Invocations
  3234 | D:4      | Reached * piety under Okawaru
  3571 | D:4      | Reached skill level 5 in Fighting
  3575 | D:4      | Identified the +3 leather armour of the Lost Ears {Harm
                  | Will+ Slay-5 SInv}
  3711 | D:4      | Noticed Duvessa
  3711 | D:4      | Noticed Dowan
  3719 | D:4      | Killed Duvessa
  3726 | D:4      | Killed Dowan
  4021 | D:4      | Found a runed translucent door.
  4022 | D:4      | Noticed Crazy Yiuf
  4090 | D:4      | Killed Crazy Yiuf
  4240 | D:4      | Found a snail-covered altar of Cheibriados.
  4307 | D:4      | Found an opulent altar of Gozag.
  4453 | D:4      | Found a radiant altar of Vehumet.
  4821 | D:5      | Killed from afar by an orc priest

Illustrated notes

Levels and vault maps discovered:
D:1:      psy_arrival_conway, layout_basic, reono_crystal_passage
D:2:      layout_basic, shapermc_ecumenical_altar_mp_vishouse, uniq_robin,
          uniq_natasha
D:3:      layout_loops_ring, item_on_display_a, uniq_sigmund, uniq_grinder,
          uniq_ijyb
D:4:      layout_loops_corners, nicolae_gozag_seed_capital, vehumet_statue,
          slow_altar_2, uniq_crazy_yiuf_cottage, uniq_duvessa
D:5:      layout_cave_pools, gammafunk_ghost_grave, wad_floor_pattern_untrapped,
          hangedman_decor_slide_cut
D:6:      layout_basic, minmay_temple_entry_trees,
          hangedman_abyss_or_decor_stagger
Temple:   eino_wide_crystal_templ

Skill      XL: |  1  2  3  4  5  6  7  8 |
---------------+-------------------------+-----
Armour         | 1 2 3 4 |  4.2
Fighting       | 3 4 5 |  5.6
Dodging        | 4 5 |  5.9
Long Blades    | 4 5 |  5.9
Invocations    | 2 |  2.2
Throwing       | |  2.0

Action                     |  1- 3 |  4- 6 |  7- 9 || total
---------------------------+-------+-------+-------++-------
  Melee: Long sword        |    98 |   158 |   219 ||   475
         Punch             |       |     3 |     4 ||     7
         Unarmed           |       |       |    10 ||    10
  Throw: Throwing net      |     1 |     5 |     5 ||    11
         Javelin           |       |       |     1 ||     1
 Invoke: Heroism           |       |       |     1 ||     1
  Evoke: Wand              |       |       |     5 ||     5
    Use: Potion            |     1 |       |       ||     1
         Scroll            |     3 |       |     9 ||    12
   Stab: Sleeping          |     2 |       |     1 ||     3
         Held in net/web   |     1 |     1 |     2 ||     4
 Armour: Leather armour    |    45 |    54 |    27 ||   126
         Ring mail         |       |       |    54 ||    54
  Dodge: Dodged            |    80 |   130 |   213 ||   423
